 Dungeon Crawl Stone Soup version 0.28-a0-474-g535839065c (webtiles) character file.

Game seed: 13889557617556105749

32 meatgazer the Gusty (level 3, -2/25 HPs)
             Began as a Gnoll Wanderer on Sept 15, 2021.
             Slain by Terence (3 damage)
             ... on level 2 of the Dungeon.
             The game lasted 00:07:17 (2973 turns).

meatgazer the Gusty (Gnoll Wanderer)                Turns: 2973, Time: 00:07:18

Health: -2/25      AC:  2    Str: 13    XL:     3   Next: 27%
Magic:  0/7        EV: 11    Int: 11    God:
Gold:   57         SH:  0    Dex: 10    Spells: 4/7 levels left

rFire   . . .      SeeInvis .   a - +0 dagger
rCold   . . .      Faith    .   (no shield)
rNeg    . . .      Spirit   .   c - +0 robe
rPois   .          Reflect  .   (no helmet)
rElec   .          Harm     .   (no cloak)
rCorr   .          Rampage  .   (no gloves)
Will    .....                   (no boots)
Stlth   ++........              (no amulet)
HPRegen 0.08/turn               (no ring)
MPRegen 0.10/turn               (no ring)

@: no status effects
A: fangs 1, strong nose, distributed training
a: no special abilities


You were on level 2 of the Dungeon.
You visited 1 branch of the dungeon, and saw 2 of its levels.

You collected 57 gold pieces.

Inventory:

Hand Weapons
 a - a +0 dagger (weapon)
Missiles
 b - 10 poisoned darts (quivered)
Armour
 c - a +0 robe (worn)
Jewellery
 f - an amulet of regeneration
Scrolls
 h - a scroll of identify
Potions
 e - a potion of curing


   Skills:
 + Level 0.7 Fighting
 + Level 0.7 Short Blades
 + Level 0.7 Long Blades
 + Level 0.7 Axes
 + Level 0.7 Maces & Flails
 + Level 0.7 Polearms
 + Level 0.7 Staves
 + Level 0.7 Slings
 + Level 2.6 Bows
 + Level 0.7 Crossbows
 + Level 2.6 Throwing
 + Level 4.5 Armour
 + Level 0.7 Dodging
 + Level 2.3 Stealth
 + Level 0.7 Shields
 + Level 0.7 Unarmed Combat
 + Level 2.8 Spellcasting
 + Level 0.5 Conjurations
 + Level 0.5 Hexes
 + Level 0.5 Summonings
 + Level 0.5 Necromancy
 + Level 0.5 Translocations
 + Level 0.5 Transmutations
 + Level 0.5 Fire Magic
 + Level 0.5 Ice Magic
 + Level 7.1 Air Magic
 + Level 0.5 Earth Magic
 + Level 0.5 Poison Magic
 + Level 0.9 Invocations
 + Level 0.7 Evocations


You had 4 spell levels left.
You knew the following spells:

 Your Spells              Type           Power      Damage    Failure   Level
a - Shock                 Conj/Air       36%        1d5       5%          1
b - Static Discharge      Conj/Air       9%         N/A       9%          2

Your spell library contained the following spells:

 Spells                   Type           Power      Damage    Failure   Level
 Swiftness                Air            17%        N/A       4%          3
 Airstrike                Air            8%         N/A       14%         4
 Sting                    Tmut/Pois      8%         1d3       22%         1
 Ignite Poison            Fire/Tmut/Pois 2%         N/A       54%         3


Dungeon Overview and Level Annotations

Branches:
Dungeon (2/15)

Altars:

Shops:
D:1 [=:?*

Annotations:
D:2 Terence


Innate Abilities, Weirdness & Mutations

You have very sharp teeth.
Your uncanny sense of smell can sniff out nearby items.
Your experience applies equally to all skills.


Message History

Casting: Shock (safe; 5% risk of failure)
Confirm with . or Enter, or press ? or * to list all spells.
You don't have enough magic to cast this spell.
Unknown command.
As you read the scroll labelled SEXTOTS COUNKUIXT, it crumbles to dust.
Your body is wracked with pain!
Terence convulses!
It was a scroll of torment.
Okay, then.
You hit Terence but do no damage.
Terence is severely wounded.
Terence hits you with a +0 short sword.
You hit Terence but do no damage.
Terence is severely wounded.
Terence hits you with a +0 short sword!
* * * LOW HITPOINT WARNING * * *
Casting: Shock (safe; 5% risk of failure)
Confirm with . or Enter, or press ? or * to list all spells.
Aiming: Shock (safe; 5% risk of failure)
Press: ? - help, Shift-Dir - straight line, f/p - Terence
Aim: Terence, wielding a +0 short sword, wearing a +1 scale mail of poison resistance and carrying a wand of digging (2) (severely wounded, 72% to hit)
The zap hits Terence but does no damage.
Terence is severely wounded.
Terence completely misses you.
You closely miss Terence.
Terence is severely wounded.
Terence closely misses you.
You hit Terence.
Terence is almost dead.
Terence says, "You're history."
Terence closely misses you.
You hit Terence but do no damage.
Terence is almost dead.
Terence closely misses you.
You hit Terence but do no damage.
Terence is almost dead.
Terence hits you with a +0 short sword.
* * * LOW HITPOINT WARNING * * *
You closely miss Terence.
Terence is almost dead.
Terence hits you with a +0 short sword.
You die...

#####..######.
#.........##..
#.#..)....#...
#........('..@
##.##...##.#...
##..##..###.##..
##.#.........###.
##@#####.######
## #@## #.# # ###
#.# #.# #.# ####
#.# #... #.# #.#.
#.# #.#.
#.######.#.
#..........


You could see Terence.

Vanquished Creatures
  A worm (D:2)
  2 bats (D:1)
  2 endoplasms
  3 goblins
  5 hobgoblins
  4 jackals
  4 kobolds
  A ball python (D:1)
  3 frilled lizards
  2 rats (D:1)
27 creatures vanquished.

Notes
Turn   | Place    | Note
-------+----------+-------------------------------------------
     0 | D:1      | meatgazer the Gnoll Wanderer began the quest for the Orb.
     0 | D:1      | meatgazer set off with the following items: a +0 dagger, 14
                  | poisoned darts, a +0 robe; and the following spells
                  | available to memorise: Swiftness, Shock, Static Discharge,
                  | Airstrike, Sting, Ignite Poison
     0 | D:1      | Reached XP level 1. HP: 13/13 MP: 4/4
   114 | D:1      | Found Jemirebb's Antique Armour Shoppe.
   715 | D:1      | Reached XP level 2. HP: 15/19 MP: 5/5
   782 | D:1      | Found Emamotodi's Jewellery Emporium.
   868 | D:1      | Learned a level 1 spell: Shock
  1028 | D:1      | Found Loulunue's Book Boutique.
  1106 | D:1      | Found Vijicao's Assorted Antiques.
  1118 | D:1      | Found Alael's Magic Scroll Emporium.
  2450 | D:2      | Reached XP level 3. HP: 25/25 MP: 2/7
  2641 | D:2      | Learned a level 2 spell: Static Discharge
  2906 | D:2      | Noticed Terence
  2967 | D:2      | HP: 1/25 [Terence (7)]
  2972 | D:2      | HP: 1/25 [Terence (1)]
  2973 | D:2      | Slain by Terence

Illustrated notes

Levels and vault maps discovered:
D:1:      scummos_arrival_gate, layout_loops_corners, serial_shops, shop, shop,
          shop, nicolae_shop_temple_entry_statues_fountains,
          nicolae_shop_window_shopping
D:2:      minmay_alternating_diamond, layout_loops_corners, uniq_terence

Action                   || total
-------------------------++-------
Melee: Dagger            ||    56
       Bite              ||     2
Throw: Dart              ||    43
 Cast: Shock             ||    35
  Use: Scroll            ||     4
 Stab: Sleeping          ||     1
Armor: Robe              ||    14
Dodge: Dodged            ||    47

Table legend: (Time is in decaauts)
 A = Elapsed time spent in this place.
 B = Non-inter-level travel time spent in this place.
 C = Inter-level travel time spent in this place.
 D = Time resting spent in this place.
 E = Time spent auto-exploring this place.
 F = Levels seen in this place.
 G = Mean time per level.
                   A        B        C        D        E       F      G
               +--------+--------+--------+--------+--------+-----+--------+
         Total |   2966 |   2925 |     41 |   1309 |   1348 |   2 | 1483.0 |
       Dungeon |   2966 |   2925 |     41 |   1309 |   1348 |   2 | 1483.0 |
               +--------+--------+--------+--------+--------+-----+--------+

Top non-repeatable levels by time:
     D:1: 1885 daAuts
     D:2: 1081 daAuts
